AoeStats
← Jeronimoo

Arena

509704217Analyzed
4v4 RM · 6d ago on Sep 27, 2026· 29m 46s· 8 players
Game mode
Random Map
Map size
Large (8 player)
Population
200
Speed
Normal
Resources
Standard
Victory
Conquest
Starting age
Dark Age
Ending age
Imperial Age
RankedLock teamsTeams togetherTeam positionsShared explorationLock speedFull tech treeHidden civsTurbo modeCheats
Victory
Defeat
🇩🇪 Bohemians · Germany
868
+12
🇩🇪 Danes · Germany
834
+13
🇧🇷 Portuguese · Brazil
742
+17
🇵🇪 Magyars · Peru
720
+17
🇬🇧 Britons · United Kingdom
796
-16
🇩🇪 Byzantines · Germany
790
-16
🇵🇰 Lithuanians · Pakistan
757
-14
🇪🇸 Celts · Spain
729
-17
Nano
8:31 Loom
10:19 Feudal Age
12:09 Wheelbarrow
11:43 Double-Bit Axe
18:35 Castle Age
27:42 Crossbowman
Jeronimoo
11:01 Loom
14:54 Feudal Age
15:41 Horse Collar
15:51 Double-Bit Axe
18:01 Gold Mining
22:39 Castle Age
22:04 Wheelbarrow
21:45 Scale Barding Armor
23:11 Forging
24:14 Gold Shaft Mining
23:55 Bow Saw
24:19 Husbandry
25:42 Chain Barding Armor
27:19 Heavy Plow
29:09 Hand Cart
ALVICEN
0:28 Loom
10:20 Feudal Age
11:44 Wheelbarrow
10:57 Town Watch
14:09 Double-Bit Axe
14:08 Horse Collar
23:45 Castle Age
komailvidz
0:58 Loom
13:42 Feudal Age
14:52 Horse Collar
15:06 Gold Mining
15:45 Double-Bit Axe
16:41 Wheelbarrow
15:52 Town Watch
20:57 Castle Age
21:16 Pikeman
21:57 Squires
22:17 Hand Cart
24:01 Light Cavalry
24:52 Bloodlines
Crazy
9:10 Feudal Age
9:41 Double-Bit Axe
9:37 Horse Collar
18:47 Castle Age
16:43 Gold Mining
18:50 Wheelbarrow
22:05 Heavy Plow
23:23 Loom
24:18 Fervor
26:17 Hand Cart
26:22 Town Watch
28:10 Bow Saw
28:59 Husbandry
29:31 Stone Mining
30:20 Gold Shaft Mining
DoRiOs
10:55 Feudal Age
12:11 Wheelbarrow
11:22 Double-Bit Axe
16:31 Castle Age
15:07 Horse Collar
18:11 Bow Saw
29:47 Imperial Age
27:49 Gold Mining
27:54 Stone Mining
29:18 Arson
28:54 Man-at-Arms
30:24 Stone Shaft Mining
lucilicious
11:57 Feudal Age
13:33 Double-Bit Axe
20:28 Castle Age
19:02 Horse Collar
20:19 Forging
20:16 Gold Mining
21:44 Bow Saw
22:07 Heavy Plow
24:47 Squires
25:27 Wheelbarrow
24:59 Arson
26:00 Scale Mail Armor
30:03 Hand Cart
xeto
8:36 Loom
10:29 Feudal Age
14:52 Castle Age
15:42 Double-Bit Axe
18:14 Wheelbarrow
19:27 Bow Saw
28:49 Pikeman
30:16 Scale Mail Armor
Connection lost

Rejoining the realm…

Still unreachable

The connection could not be restored.

Session expired

The server has moved on; the page needs a fresh start.